 Dungeon Crawl Stone Soup version 0.31.0-9-g3a7656b989 (webtiles) character file.

Game seed: 890109461646408930

30 qw the Shooter (level 3, -6/18 HPs)
             Began as a Spriggan Hunter on Feb 2, 2024.
             Mangled by a black bear (10 damage)
             ... on level 2 of the Dungeon.
             The game lasted 00:00:02 (728 turns).

qw the Shooter (Spriggan Hunter)                     Turns: 728, Time: 00:00:02

Health: -6/18      AC:  2    Str:  7    XL:     3   Next: 3%
Magic:  0/4        EV: 19    Int: 10    God:
Gold:   36         SH:  0    Dex: 20    Spells: 2/2 levels left

rFire   . . .        a - +0 shortbow
rCold   . . .        (shield currently unavailable)
rNeg    . . .        c - +0 robe
rPois   .            (helmet restricted)
rElec   .            (no cloak)
rCorr   .            (gloves unavailable)
SInv    +            (boots unavailable)
Will    .....        e - amulet of guardian spirit
Stlth   ++           (no ring)
HPRegen 0.23/turn    (no ring)
MPRegen 0.09/turn

%: guardian spirit
@: very quick
A: very small, no large weapons, unfitting armour, see invisible, speed 3
a: no special abilities


You were on level 2 of the Dungeon.
You visited 1 branch of the dungeon, and saw 2 of its levels.

You collected 36 gold pieces.


Innate Abilities, Weirdness & Mutations

You are very small and have problems with some larger weapons.
You are too small for most types of armour.
You have supernaturally acute eyesight. (SInv)
You cover ground extremely quickly. (Speed+++)


   Skills:
 - Level 1.5 Fighting
 + Level 4.4 Ranged Weapons
 - Level 4.0 Dodging
 - Level 1.5 Stealth


You had 2 spell levels left.
You didn't know any spells.
Your spell library was empty.

Inventory:

Hand Weapons
 a - a +0 shortbow (weapon)
Armour
 c - a +0 robe (worn)
Jewellery
 e - an amulet of guardian spirit (around neck)
Potions
 f - a potion of might
 i - a potion of attraction {unknown}

Dungeon Overview and Level Annotations

Branches:
Dungeon (2/15)

Altars:


Message History

You feel momentarily disoriented.
It was a scroll of revelation.
Done exploring.
688 ||| READING scroll labelled MAOTON QOOC.
As you read the scroll labelled MAOTON QOOC, it crumbles to dust.
It is a scroll of identify.
688 ||| IDENTIFYING blue potion;
f - a potion of might Done exploring.
689 ||| DROPPING scroll of butterflies.
You drop a scroll of butterflies.
Done exploring.
690 ||| DROPPING scroll of revelation.
You drop a scroll of revelation.
Done exploring.
What level of the Dungeon? (default 1, ? - help)
You see here a frilled lizard corpse.
There is a stone staircase leading down here.
You climb downwards.
There is a stone staircase leading up here.
Waypoint 1 assigned to D:2.
A black bear comes into view.
You shoot an arrow. The arrow hits the black bear!
The black bear is moderately wounded.
You shoot an arrow. The arrow hits the black bear!
The black bear is heavily wounded.
The black bear completely misses you. The black bear misses you. x2
You shoot an arrow. The arrow barely misses the black bear.
The black bear misses you. The black bear closely misses you.
The black bear claws you.
You shoot an arrow. The arrow hits the black bear.
The black bear is severely wounded.
The black bear misses you. The black bear claws you. x2
The black bear barely misses you. The black bear closely misses you.
The black bear claws you.
You shoot an arrow. The arrow hits the black bear!
The black bear is almost dead.
The black bear goes berserk!
You shoot an arrow. The arrow hits the black bear.
The black bear is almost dead.
The black bear completely misses you. The black bear claws you.
The black bear misses you. The black bear bites you!
Ouch! That really hurt!
You die...

### ..## #
...
####.####..#
#.......#..#
. #<#h.#....
#.@....#
#............
#############


You could see a black bear (berserk).

Vanquished Creatures
  A dart slug (D:1)
  3 endoplasms (D:1)
  A giant cockroach (D:1)
  A goblin (D:1)
  5 hobgoblins (D:1)
  3 ball pythons (D:1)
  3 bats (D:1)
  2 frilled lizards (D:1)
  4 kobolds (D:1)
  4 rats (D:1)
27 creatures vanquished.

Notes
Turn   | Place    | Note
-------+----------+-------------------------------------------
     0 | D:1      | qw the Spriggan Hunter began the quest for the Orb.
     0 | D:1      | Reached XP level 1. HP: 10/10 MP: 2/2
     0 | D:1      | 0 ||| qw: Version: 0.3-a-155-g5e7d8dd
     0 | D:1      | 0 ||| qw: Game counter: 512
     0 | D:1      | 0 ||| qw: Melee chars always use a shield: true
     0 | D:1      | 0 ||| qw: God list: Okawaru
     0 | D:1      | 0 ||| qw: Allow faded altars: false
     0 | D:1      | 0 ||| qw: Do Orc after clearing Dungeon:15 true
     0 | D:1      | 0 ||| qw: Do second Lair branch before Depths: true
     0 | D:1      | 0 ||| qw: Lair rune preference: random
     0 | D:1      | 0 ||| qw: Goals: Normal
     0 | D:1      | 0 ||| PLANNING D:1-11
    36 | D:1      | Reached skill level 3 in Dodging
   106 | D:1      | Reached XP level 2. HP: 11/14 MP: 3/3
   434 | D:1      | HP: 3/14 [frozen (5)]
   434 | D:1      | HP: 1/14 [frozen (2)]
   573 | D:1      | Reached XP level 3. HP: 18/18 MP: 4/4
   681 | D:1      | 681 ||| UPGRADING to amulet of guardian spirit.
   686 | D:1      | 686 ||| READING scroll labelled WERAYG YDEPN.
   687 | D:1      | 687 ||| READING 2 scrolls labelled ZIUGIO AMUJA.
   688 | D:1      | 688 ||| READING scroll labelled MAOTON QOOC.
   688 | D:1      | 688 ||| IDENTIFYING blue potion
   689 | D:1      | 689 ||| DROPPING scroll of butterflies.
   690 | D:1      | 690 ||| DROPPING scroll of revelation.
   722 | D:2      | Noticed a black bear
   728 | D:2      | HP: 4/18 [black bear (4)]
   728 | D:2      | Mangled by a black bear

Levels and vault maps discovered:
D:1:      ncdulo_watergridlock, layout_loops_cross, grunt_decor_junction,
          minmay_pentomino_u2
D:2:      layout_loops_cross, ebering_ecumenical_altar_webs, uniq_natasha

Skill      XL: |  1  2 |
---------------+-------+-----
Dodging        | 3 4 |  4.0
Fighting       | |  1.5
Ranged Weapons | |  4.4
Stealth        | |  1.5

Action                     || total
---------------------------++-------
   Fire: Shortbow          ||    79
    Use: Scroll            ||     3
 Armour: Robe              ||     8
  Dodge: Dodged            ||    33

Table legend:
 A = Non-vault XP
 B = Vault XP
 C = Vault XP percentage of total XP
 D = Non-vault monster count
 E = Vault monster count
 F = Vault count percentage of total count
                 A         B        C        D         E       F
            +---------+---------+-------+---------+---------+-------
      Total |      41 |       2 |   4.7 |      25 |       2 |   7.4
            +---------+---------+-------+---------+---------+-------
        D:1 |      41 |       2 |   4.7 |      25 |       2 |   7.4
            +---------+---------+-------+---------+---------+-------
